Map: Mécanisation EC

Players

Sorandom - Winner!

  • Race: Zerg Zerg
  • League: Diamond
  • Spawn Location: 3:00

Nikolai

  • Race: Terran Terran
  • League: Diamond
  • Spawn Location: 9:00

VOD

Have the link to the VOD?

Description

Time

  • Played on: April 12, 2019, 11:52 p.m.
  • Length: 3:45
Show
View Real Time Build Order
Export as new Build Order

Sorandom Zerg - Winner!

Build Orders: Pool Only 

Get SALT Encoding   

  12  0:18  Spawning Pool  
  11  0:23  Drone  
  12  0:30  Drone  
  12  0:32  Drone  
  14  0:43  Extractor  
  14  0:45  Drone  
  14  0:46  Extractor  
  14  0:47  Drone  
  14  1:07  Roach Warren  
  13  1:11  Drone  
  13  1:17  Overlord  
  14  1:28  Overlord  
  14  1:47  Roach x2  
  14  1:52  Roach  
  20  2:09  Ravager x2  
  20  2:11  Roach  
  24  2:19  Roach  
  26  2:28  Roach  
  28  2:39  Roach  
  30  2:51  Overlord  
  30  3:12  Roach x2  
  34  3:14  Ravager  
  35  3:26  Ravager  
Show
View Real Time Build Order
Export as new Build Order

Nikolai Terran 

Build Orders:  

Get SALT Encoding   

  12  0:01  SCV  
  13  0:14  SCV  
  14  0:26  SCV  
  15  0:33  Supply Depot  
  15  0:55  SCV  
  16  0:59  Barracks  
  16  1:06  Barracks  
  16  1:20  Barracks  
  16  1:25  SCV  
  17  1:37  SCV, Refinery  
  18  1:46  Supply Depot  
  18  1:51  Marine  
  19  1:55  Marine  
  20  2:08  Bunker  
  20  2:10  Marine  
  20  2:14  SCV  
  24  2:40  SCV  
  16  2:53  Orbital Command  
  16  2:54  Supply Depot  
  16  2:55  Factory  
  16  3:04  Barracks  
  16  3:15  Bunker  
  16  3:24  SCV  
Tags
 
Matchup
TvZ
Opening
Pool Only
Replay Pack
Pack
Spawn Locations
Cross Positions
Add a new tag
Caveats
  • Supply blocks, unpowered buildings, or Contaminate may cause inaccurate times.
  • Supply counts are checked every 10 seconds.